 Dungeon Crawl Stone Soup version 0.24-a0-778-g74da537585 (webtiles) character file.

Game seed: 17787215429806009125, levelgen mode: deterministic

3516 MalarOregon the Arsonist (level 9, -4/62 HPs)
             Began as a Green Draconian Fire Elementalist on Oct 7, 2019.
             Was an Initiate of Gozag.
             Killed from afar by Erica (29 damage)
             ... with an orb of energy
             ... on level 8 of the Dungeon.
             The game lasted 00:17:36 (9012 turns).

MalarOregon the Arsonist (DrFE)                     Turns: 9012, Time: 00:17:37

Health: -4/62      AC: 12    Str: 11    XL:     9   Next: 81%
Magic:  15/21      EV: 12    Int: 22    God:    Gozag
Gold:   1367       SH:  0    Dex: 11    Spells: 12/24 levels left

rFire    . . .     SeeInvis .   q - +1 long sword (holy)
rCold    . . .     Gourm    .   (no shield)
rNeg     . . .     Faith    .   (armour unavailable)
rPois    +         Spirit   .   (helmet restricted)
rElec    .         Reflect  .   k - +2 cloak
rCorr    .         Harm     .   (no gloves)
MR       +....                  j - +1 pair of boots
Stlth    ++........             (no amulet)
HPRegen  0.20/turn              l - ring of protection from magic
MPRegen  0.17/turn              n - +3 ring of intelligence

@: no status effects
A: breathe noxious fumes, unfitting armour, poison resistance, cold-blooded, AC
+7
a: Breathe Noxious Fumes, Potion Petition, Call Merchant, Bribe Branch, Renounce
Religion


You were on level 8 of the Dungeon.
You worshipped Gozag.
Gozag was most pleased with you.
You were not hungry.

You visited 1 branch of the dungeon, and saw 8 of its levels.
You also visited: Ossuary.

You collected 1417 gold pieces.
You paid 50 gold pieces to Gozag.

Inventory:

Hand Weapons
 c - a +0 short sword of venom
   (You found it on level 1 of the Dungeon)
 q - a +1 long sword of holy wrath (weapon)
   (You found it on level 4 of the Dungeon)
Armour
 j - a +1 pair of boots (worn)
   (You found it on level 2 of the Dungeon)
 k - a +2 cloak (worn)
   (You found it on level 2 of the Dungeon)
 p - a +0 shield
   (You found it on level 3 of the Dungeon)
Jewellery
 l - a ring of protection from magic (left hand)
   (You found it on level 2 of the Dungeon)
 n - a +3 ring of intelligence (right hand)
   (You found it on level 3 of the Dungeon)
Wands
 d - a wand of polymorph (7)
   (You found it on level 6 of the Dungeon)
 r - a wand of clouds (13)
   (You found it on level 4 of the Dungeon)
 v - a wand of digging (13)
   (You found it on level 4 of the Dungeon)
Scrolls
 a - 6 scrolls of teleportation {@r4}
 f - 7 scrolls of remove curse {@r2}
 o - a scroll of blinking
 t - 2 scrolls of enchant armour
 u - a scroll of amnesia
 y - a scroll of identify {@r1}
Potions
 b - 8 potions of curing {unknown}
 g - 3 potions of degeneration {unknown}
 h - 5 potions of flight {unknown}
 i - 2 potions of berserk rage {unknown}
 m - 3 potions of brilliance {unknown}
 s - 5 potions of lignification {!q}
 w - a potion of cancellation {unknown}
 x - 2 potions of haste {unknown}
 B - a potion of mutation {unknown}
Comestibles
 e - 9 rations {!d}


   Skills:
 + Level 2.5 Dodging
 - Level 1.7 Stealth
 + Level 0.8 Shields
 + Level 8.0 Spellcasting
 + Level 8.1 Conjurations
 + Level 8.1 Fire Magic


You had 12 spell levels left.
You knew the following spells:

 Your Spells              Type           Power        Failure   Level  Hunger
a - Flame Tongue          Conj/Fire      #####        1%          1    None
b - Fireball              Conj/Fire      #####.....   8%          5    #####..
q - Sticky Flame          Conj/Fire      #####...     2%          4    ###....
x - Throw Flame           Conj/Fire      #####.       1%          2    None

Your spell library contained the following spells:

 Spells                   Type           Power        Failure   Level  Hunger
 Conjure Flame            Conj/Fire      #####...     1%          3    None
 Inner Flame              Hex/Fire       ####....     4%          3    None


Dungeon Overview and Level Annotations

Branches:
Dungeon (8/15)             Temple (0/1) D:5            Lair (0/6) D:8
Ossuary (visited)

Altars:
Ashenzari
Dithmenos
Gozag
Nemelex Xobeh
Qazlal
Trog
Vehumet
Xom
Yredelemnul
The Shining One

Annotations:
D:6 4 runed translucent doors
D:8 Erica


Innate Abilities, Weirdness & Mutations

You can breathe blasts of noxious fumes.
Your lurid green scales are hard. (AC +7)
You cannot fit into any form of body armour.
Your system is resistant to poisons. (rPois)
You are cold-blooded and may be slowed by cold attacks.


Message History

You kill the leopard gecko!
The komodo dragon burns!
The komodo dragon stops burning.
The freed slave closely misses the komodo dragon.
The komodo dragon bites the freed slave!!
The hippogriff bites the freed slave!
The freed slave dies!
The komodo dragon hisses menacingly.
There is a stone staircase leading up here.
You climb upwards.
There is a stone staircase leading down here.
There is an open door here.
There is an escape hatch in the floor here.
There is an open door here.
You see here 2 arrows.
You see here an arrow.
There is an open door here.
There is a stone staircase leading down here.
You climb downwards.
There is a stone staircase leading up here.
You now have 1367 gold pieces (gained 5).
You see here 20 stones.
Erica the Fiery-Tempered comes into view.
She is wielding a +4 scimitar of flaming, wearing a +2 robe of cold resistance and carrying a wand of paralysis (8).
Erica shouts!
Erica moves out of view.
You start resting.
Erica is too close now for your liking.
Aim: Erica, wielding a +4 scimitar of flaming, wearing a +2 robe of cold resistance and carrying a wand of paralysis (8)
The flame tongue hits Erica!
Erica screams, "Hurry, death AWAITS you!"
Erica zaps a wand.
You resist with almost no effort.
Aim: Erica, wielding a +4 scimitar of flaming, wearing a +2 robe of cold resistance and carrying a wand of paralysis (7) (lightly wounded)
The flame tongue hits Erica but does no damage.
Erica zaps a wand.
You resist with almost no effort.
Aim: Erica, wielding a +4 scimitar of flaming, wearing a +2 robe of cold resistance and carrying a wand of paralysis (6) (lightly wounded)
The flame tongue hits Erica.
You start resting.
Erica is too close now for your liking.
Aim: Erica, wielding a +4 scimitar of flaming, wearing a +2 robe of cold resistance and carrying a wand of paralysis (6) (moderately wounded)
The puff of flame hits Erica!
Erica zaps a wand.
You resist with almost no effort.
Aim: Erica, wielding a +4 scimitar of flaming, wearing a +2 robe of cold resistance and carrying a wand of paralysis (5) (moderately wounded)
The puff of flame misses Erica.
You are too injured to fight recklessly!
Erica points at you and mumbles some strange words.
The orb of energy hits you!!
You die...
Your body crumbles into a pile of gold.

........##...#
.........#...###
.......(..#....##
................#
..#.............#
.###..........###
##..............####
..............^.#@.##
................@...#
.#..............##..#
.................**##
)................#
...#.............#
..##.............#
#..#.............#*
..##...........#,,*
.......###.....#.,*


You could see Erica.

Vanquished Creatures
  Pikel (D:8)
  A yak (D:6)
  A hungry ghost (D:8)
  3 ice beasts
  A black bear (D:8)
  2 ogres
  A sky beast (D:6)
  6 centaurs
  An elf zombie (D:8)
  An elf skeleton (D:8)
  A bullfrog (D:7)
  A scorpion (D:7)
  5 killer bees (D:7)
  3 crimson imps (D:6)
  2 bullfrog skeletons
  4 hounds
  3 jellies
  A centaur skeleton (D:6)
  A human zombie (D:8)
  Jessica (D:2)
  Natasha (thrice) (D:2)
  2 iguanas (D:4)
  6 worker ants
  Terence (D:2)
  2 human skeletons (D:8)
  A big kobold zombie (Ossuary)
  A hound zombie (D:6)
  8 mummies (Ossuary)
  4 gnolls (D:5)
  8 adders
  A shadow imp (D:5)
  3 oozes
  An adder skeleton (D:4)
  An adder zombie (D:7)
  A dart slug (D:1)
  3 worms
  10 leopard geckos
  17 orcs
  5 bats
  3 giant cockroaches
  3 goblins
  4 hobgoblins
  10 jackals
  3 quokkas
  2 ball pythons
  A ball python skeleton (D:6)
  9 frilled lizards
  2 goblin skeletons (D:5)
  4 hobgoblin zombies
  9 kobolds
  A kobold skeleton (D:5)
  4 kobold zombies (Ossuary)
  2 orc skeletons
  3 orc zombies
  5 rats
183 creatures vanquished.

Vanquished Creatures (others)
  A slave (D:8)
  4 plants (D:8)
5 creatures vanquished.

Grand Total: 188 creatures vanquished

Notes
Turn   | Place    | Note
-------+----------+-------------------------------------------
     0 | D:1      | MalarOregon the Draconian Fire Elementalist began the quest
                  | for the Orb.
     0 | D:1      | Reached XP level 1. HP: 14/14 MP: 3/3
   623 | D:1      | Reached XP level 2. HP: 20/20 MP: 5/5
  1376 | D:2      | Noticed Jessica
  1388 | D:1      | Reached XP level 3. HP: 19/26 MP: 0/6
  1477 | D:1      | Learned a level 2 spell: Throw Flame
  1486 | D:2      | Killed Jessica
  1685 | D:2      | Reached XP level 4. HP: 33/33 MP: 4/8
  2104 | D:2      | Noticed Natasha
  2110 | D:2      | Killed Natasha
  2256 | D:2      | Found a sparkling altar of Nemelex Xobeh.
  2256 | D:2      | Noticed Terence
  2262 | D:2      | Killed Terence
  2262 | D:2      | Reached XP level 5. HP: 38/38 MP: 1/10
  2461 | D:2      | Found a faded altar of an unknown god.
  2461 | D:2      | Found a basalt altar of Yredelemnul.
  2466 | D:2      | Found a shattered altar of Ashenzari.
  2471 | D:2      | Found a stormy altar of Qazlal.
  2475 | D:2      | Found a bloodstained altar of Trog.
  2485 | D:2      | Found a bloodstained altar of Trog.
  2486 | D:2      | Found a stormy altar of Qazlal.
  2488 | D:2      | Found a basalt altar of Yredelemnul.
  2739 | D:2      | Noticed Natasha
  2749 | D:2      | Killed Natasha
  2757 | D:2      | Found a sparkling altar of Nemelex Xobeh.
  2899 | D:2      | Found a faded altar of an unknown god.
  2899 | D:2      | Found a basalt altar of Yredelemnul.
  2904 | D:2      | Found a shattered altar of Ashenzari.
  2906 | D:2      | Found a stormy altar of Qazlal.
  2908 | D:2      | Found a bloodstained altar of Trog.
  2967 | D:2      | Noticed Natasha
  2977 | D:2      | Killed Natasha
  3024 | D:3      | Learned a level 4 spell: Sticky Flame
  3166 | D:3      | Found a sparkling altar of Nemelex Xobeh.
  3204 | D:3      | Found a glowing golden altar of the Shining One.
  3206 | D:3      | Found a sparkling altar of Nemelex Xobeh.
  3206 | D:3      | Found a glowing golden altar of the Shining One.
  3208 | D:3      | Found a shimmering altar of Xom.
  3208 | D:3      | Found a sparkling altar of Nemelex Xobeh.
  3208 | D:3      | Found a glowing silver altar of Zin.
  3335 | D:3      | Found a shadowy altar of Dithmenos.
  3777 | D:4      | Reached XP level 6. HP: 38/45 MP: 4/12
  4500 | D:4      | Found an opulent altar of Gozag.
  4501 | D:4      | Found a radiant altar of Vehumet.
  4710 | D:4      | Became a worshipper of Gozag Ym Sagoz the Greedy
  4763 | D:5      | Entered Level 5 of the Dungeon
  4847 | D:5      | Noticed an ice beast
  4852 | D:5      | Killed an ice beast
  4852 | D:5      | Your scales start taking on a lurid green colour.
  4852 | D:5      | Reached XP level 7. HP: 32/50 MP: 4/13
  4852 | D:5      | Gained mutation: Your system is resistant to poisons.
                  | (rPois) [Green Draconian growth]
  5024 | D:5      | Found a staircase to the Ecumenical Temple.
  5202 | D:5      | Reached skill level 5 in Conjurations
  5280 | D:5      | Reached skill level 5 in Fire Magic
  5284 | D:5      | Reached skill level 5 in Spellcasting
  5306 | D:5      | Found a glowing golden altar of the Shining One.
  5765 | D:6      | Reached XP level 8. HP: 40/57 MP: 7/16
  5843 | D:6      | Found a large runed translucent door.
  5854 | D:6      | Found a large runed translucent door.
  5930 | D:6      | Found a large runed translucent door.
  5930 | D:6      | Found a large runed translucent door.
  6109 | D:6      | Learned a level 5 spell: Fireball
  6436 | D:6      | Got a fine glaive
  6437 | D:6      | Identified the cursed +1 glaive of the Endless Expanse
                  | {freeze, rC- Str+4 Int+4 Stlth+} (You found it on level 6
                  | of the Dungeon)
  6913 | D:7      | Reached XP level 9. HP: 13/62 MP: 9/19
  8034 | D:8      | Found a staircase to the Lair.
  8035 | D:8      | Noticed a komodo dragon
  8081 | D:8      | Noticed Pikel
  8093 | D:8      | Killed Pikel
  8202 | D:8      | Found a sand-covered staircase.
  8211 | Ossuary  | Entered an ossuary
  8894 | D:8      | HP: 1/62 [komodo dragon (24)]
  9004 | D:8      | Noticed Erica
  9012 | D:8      | Killed from afar by Erica

Levels and vault maps discovered:
D:1:      dpeg_cavernosity, layout_basic, minmay_heptomino_l4
D:2:      layout_rooms, nemelex_xobeh_ov_fountains_minmay,
          chequers_temple_overflow_minitemple, nrook_campfire,
          minmay_liquid_box, uniq_crazy_yiuf_cottage, uniq_terence,
          uniq_natasha, uniq_jessica
D:3:      corexii_shack_village, layout_basic, lemuel_doored_altar,
          doesnt_xom_only_xom, nemelex_spade_bored_becter
D:4:      layout_loops_ring, gammafunk_temple_overflow_pools,
          kennysheep_opposing_triangles
D:5:      layout_rooms, nicolae_tso_besieged_by_evil,
          minmay_temple_entry_glassed_door, first_ration, serial_bayou,
          serial_bayou_ford_a, serial_bayou_shore_b, serial_bayou_shore_b,
          serial_bayou_pond_b
D:6:      layout_basic, dk_vineyard_2, minmay_hollow_rounded_squares
D:7:      layout_basic
D:8:      layout_cave_pools, david_lair_shrubbed,
          nicolae_ossuary_entry_catacombs, uniq_erica, uniq_pikel

Skill      XL: |  1  2  3  4  5  6  7  8  9 |
---------------+----------------------------+-----
Conjurations   | 2 3 4 5 6 8 |  8.1
Spellcasting   | 3 4 5 6 8 |  8.0
Fire Magic     | 4 5 6 8 |  8.1
Dodging        | 2 |  2.5
Stealth        | |  1.7
Shields        | |  0.8

Action                   |  1- 3 |  4- 6 |  7- 9 || total
-------------------------+-------+-------+-------++-------
Melee: Mace              |    44 |     2 |       ||    46
       Tailslap          |     1 |     6 |    22 ||    29
       Short sword       |       |    84 |       ||    84
       Long sword        |       |     5 |   116 ||   121
       Glaive            |       |       |     7 ||     7
 Cast: Flame Tongue      |    40 |    73 |   172 ||   285
       Throw Flame       |     3 |    17 |     8 ||    28
       Sticky Flame      |       |     1 |     9 ||    10
 Abil: Breathe Noxious F |       |       |     1 ||     1
  Use: Scroll            |       |     5 |     6 ||    11
 Stab: Sleeping          |     1 |     1 |     1 ||     3
  Eat: Chunk             |     3 |    10 |       ||    13
       Ration            |       |       |     5 ||     5
Armor: Skin              |    27 |    44 |    96 ||   167
Dodge: Dodged            |    55 |    78 |   135 ||   268
       Rpst.: Long sword |       |     5 |    43 ||    48

Table legend:
 A = Non-vault XP
 B = Vault XP
 C = Vault XP percentage of total XP
 D = Non-vault monster count
 E = Vault monster count
 F = Vault count percentage of total count
                 A         B        C        D         E       F
            +---------+---------+-------+---------+---------+-------
      Total |    3150 |    1873 |  37.3 |     128 |      55 |  30.1
            +---------+---------+-------+---------+---------+-------
        D:1 |      28 |      11 |  28.2 |      18 |       7 |  28.0
        D:2 |     145 |     104 |  41.8 |      21 |       3 |  12.5
        D:3 |      74 |       0 |   0.0 |      20 |       0 |   0.0
        D:4 |     280 |      10 |   3.4 |       9 |       3 |  25.0
        D:5 |     386 |     110 |  22.2 |      17 |      12 |  41.4
        D:6 |     590 |     490 |  45.4 |      15 |       7 |  31.8
        D:7 |    1293 |       0 |   0.0 |      23 |       0 |   0.0
        D:8 |     354 |     974 |  73.3 |       5 |       7 |  58.3
    Ossuary |       0 |     174 | 100.0 |       0 |      16 | 100.0
            +---------+---------+-------+---------+---------+-------
